 Dungeon Crawl Stone Soup version 0.20.1-1-g8b1a95d (console) character file.

310 bli the Skirmisher (level 6, -5/51 HPs)
             Began as a Formicid Abyssal Knight on Aug 10, 2017.
             Was a Follower of Lugonu.
             Slain by a worker ant (7 damage)
             ... on level 5 of the Dungeon.
             The game lasted 00:10:56 (3073 turns).

bli the Skirmisher (Formicid Abyssal Knight)        Turns: 3073, Time: 00:10:56

Health: -5/51      AC:  3    Str: 15 (17) XL:     6   Next: 69%
Magic:  7/7        EV: 12    Int:  8 (11) God:    Lugonu [*.....]
Gold:   87         SH:  0    Dex:  9 (12) Spells: 5/5 levels left

rFire    + . .     SeeInvis +   a - +1 falchion
rCold    x . .     Gourm    .   (no shield)
rNeg     . . .     Faith    .   u - +0 leather armour
rPois    .         Spirit   .   (helmet unavailable)
rElec    .         Reflect  .   (no cloak)
rCorr    .         Harm     .   (no gloves)
MR       .....                  (no boots)
Stlth    +.........             (no amulet)
Regen    0.2/turn               x - ring of fire
MPRegen  0.1/turn               (no ring)

@: lethally poisoned (-5 -> -17), flying
A: permanent stasis, dig shafts and tunnels, four strong arms, antennae 3
a: Dig, Shaft Self, Depart the Abyss, Renounce Religion


You were on level 5 of the Dungeon.
You worshipped Lugonu.
Lugonu was aware of your devotion.
You were hungry.

You visited 1 branch of the dungeon, and saw 7 of its levels.
You visited the Abyss 1 time.

You collected 87 gold pieces.

Inventory:

Hand Weapons
 a - a +1 falchion (weapon)
 b - a +1 dagger of venom
 n - a +0 rapier
Missiles
 e - 162 stones (quivered)
Armour
 f - a +0 ring mail
 r - a +0 plate armour
 u - a +0 leather armour (worn)
Jewellery
 x - a ring of fire (left hand)
Wands
 p - a wand of clouds (6/9)
Scrolls
 h - 4 scrolls of identify {unknown}
 i - a scroll of noise {unknown}
 j - 2 scrolls of fog {unknown}
 l - 3 scrolls of teleportation {unknown}
 s - a scroll of remove curse {unknown}
 v - a scroll of immolation {unknown}
Potions
 d - a potion of degeneration
 m - a potion of cancellation {unknown}
 o - a potion of lignification {unknown}
 q - a potion of flight
Comestibles
 c - 5 bread rations
 g - 2 royal jellies
 k - 2 meat rations


   Skills:
 * Level 5.6 Fighting
 + Level 3.6 Long Blades
 + Level 3.1 Armour
 + Level 1.9 Dodging
 * Level 2.1 Stealth
 + Level 2.2 Invocations


You had 5 spell levels left.
You didn't know any spells.

Dungeon Overview and Level Annotations

Branches:
Dungeon (7/15)
 Temple: D:4-7

Altars:
Elyvilon
Nemelex Xobeh
Zin

Annotations:
D:3 Sigmund; vomix's ghost, amateur MiBe


Innate Abilities, Weirdness & Mutations

You cannot be hasted, slowed, berserked, paralysed or teleported.
You can dig through walls and to a lower floor.
Your four strong arms can wield two-handed weapons with a shield.
You have a pair of large antennae on your head. (SInv)


Message History

You feel sick. The worker ant bites you!
You hit the worker ant.
The worker ant is severely wounded.
You feel sick. The worker ant bites you.
* * * LOW HITPOINT WARNING * * *
You are lethally poisoned!
The worker ant poisons you! The worker ant bites you.
* * * LOW HITPOINT WARNING * * *
It was a potion of degeneration.
There was something very wrong with that liquid.
You feel weakened.
You feel dopey.
You feel clumsy.
* * * LOW HITPOINT WARNING * * *
You feel sick. The worker ant bites you.
* * * LOW HITPOINT WARNING * * *
It was a potion of flight.
You feel very buoyant.
You fly up into the air.
* * * LOW HITPOINT WARNING * * *
You feel sick. The worker ant bites you!
You die...

.# #.# .## #.# ..####. #.#
....... #.# ....... #.#
......# #.# ##......# # #.#
##@a.....#
..#####'####.#......#
............##.....:#..#......
............# ...?..#..#......
............# ###.###..#......
............#####+###.........
#######'######................
#.######................
#.##....................
#...............(...[...
####....................


You could see a worker ant.

Vanquished Creatures
  An orc priest (D:6)
  3 orc wizards (D:5)
  Ijyb (D:4)
  2 worker ants
  2 gnolls (D:2)
  6 adders
  2 dart slugs
  2 leopard geckos
  6 orcs
  3 giant cockroaches
  5 goblins
  3 jackals (D:2)
  6 bats
  A frilled lizard (D:2)
  3 kobolds (D:2)
  A leopard gecko skeleton (D:4)
  2 rats
49 creatures vanquished.

Notes
Turn   | Place    | Note
-------+----------+-------------------------------------------
     0 | Abyss:1  | bli the Formicid Abyssal Knight began the quest for the Orb.
     0 | Abyss:1  | Reached XP level 1. HP: 18/18 MP: 2/2
    63 | Abyss:1  | Noticed a ynoxinul
    66 | D:1      | Escaped the Abyss
   369 | D:1      | Reached XP level 2. HP: 22/25 MP: 3/3
   776 | D:1      | You fall through a shaft!
   785 | D:2      | Reached skill level 4 in Fighting
   785 | D:2      | Reached skill level 1 in Dodging
   811 | D:2      | Reached XP level 3. HP: 24/30 MP: 4/4
  1356 | D:2      | Reached * piety under Lugonu
  1470 | D:2      | Found a sparkling altar of Nemelex Xobeh.
  1551 | D:2      | Reached XP level 4. HP: 22/38 MP: 5/5
  1565 | D:2      | You fall through a shaft for 2 floors!
  1865 | D:3      | Noticed Ijyb
  1865 | D:3      | Noticed vomix's ghost (amateur MiBe)
  1882 | D:4      | Killed Ijyb
  1882 | D:4      | Reached XP level 5. HP: 29/43 MP: 6/6
  2012 | D:2      | Reached skill level 1 in Stealth
  2315 | D:3      | Found a glowing silver altar of Zin.
  2315 | D:3      | Found a white marble altar of Elyvilon.
  2388 | D:3      | Reached skill level 5 in Fighting
  2406 | D:3      | Noticed Sigmund
  2433 | D:3      | You fall through a shaft for 3 floors!
  2436 | D:6      | You fall through a shaft!
  2735 | D:5      | Entered Level 5 of the Dungeon
  2751 | D:5      | Reached XP level 6. HP: 39/51 MP: 7/7
  3073 | D:5      | HP: 2/51 [poisoned by a worker ant]
  3073 | D:5      | Slain by a worker ant

Skill      XL: |  1  2  3  4  5  6 |
---------------+-------------------+-----
Fighting       | 4 5 |  5.6
Dodging        | 1 |  1.9
Stealth        | 1 2 |  2.1
Long Blades    | 3 |  3.6
Armour         | 3 |  3.1
Invocations    | |  2.2

Action                   |  1- 3 |  4- 6 || total
-------------------------+-------+-------++-------
Melee: Falchion          |    68 |   150 ||   218
Invok: Depart the Abyss  |     1 |       ||     1
 Abil: Dig               |     1 |     2 ||     3
       Shaft Self        |     1 |     2 ||     3
  Use: Potion            |       |     5 ||     5
  Eat: Chunk             |     2 |     6 ||     8
Armor: Leather armour    |    27 |    42 ||    69
Dodge: Dodged            |    47 |    91 ||   138
       Rpst.: Falchion   |    18 |    37 ||    55
